 Dungeon Crawl Stone Soup version 0.31-a0-1074-g0b22e4e0f1 (webtiles) character file.

Game seed: 7171492510518965228

61 wildpjah the Covered (level 4, 0/28 HPs)
             Began as a Tengu Fighter on Dec 1, 2023.
             Slain by Sigmund
             ... wielding a +2 scythe of pain
              (11 damage)
             ... on level 2 of the Dungeon.
             The game lasted 00:03:53 (1303 turns).

wildpjah the Covered (Tengu Fighter)                Turns: 1303, Time: 00:03:53

Health: 0/28       AC:  8    Str: 16    XL:     4   Next: 7%
Magic:  4/5        EV:  9    Int:  8    God:
Gold:   43         SH:  0    Dex: 16    Spells: 2/3 levels left

rFire   . . .        a - +0 long sword
rCold   . . .        c - +0 buckler
rNeg    . . .        b - +0 scale mail
rPois   .            (helmet restricted)
rElec   .            (no cloak)
rCorr   .            i - +0 pair of gloves {infuse}
SInv    .            (boots unavailable)
Will    .....        k - amulet of magic regeneration Stlth
                     (no ring)
HPRegen 0.24/turn    (no ring)
MPRegen 0.49/turn

%: acrobat, infuse magic (1 MP)
@: confused
A: beak, talons 3, acrobatic
a: no special abilities


You were on level 2 of the Dungeon.
You visited 1 branch of the dungeon, and saw 2 of its levels.

You collected 43 gold pieces.

Inventory:

Hand Weapons
 a - a +0 long sword (weapon)
Missiles
 m - 2 datura-tipped darts
Armour
 b - a +0 scale mail (worn)
 c - a +0 buckler (worn)
 i - a +0 pair of gloves of infusion (worn)
Jewellery
 k - an amulet of magic regeneration (around neck)
 r - an amulet of faith
Scrolls
 h - a scroll of noise {unknown}
 j - a scroll of vulnerability {unknown}
 l - a scroll of fear {unknown}
Potions
 d - 2 potions of might
 e - a potion of invisibility {unknown}
 f - a potion of lignification {unknown}
 g - 2 potions of curing {unknown}
 n - a potion of mutation {unknown}
 o - a potion of heal wounds {unknown}
 p - 2 potions of enlightenment {unknown}


   Skills:
 + Level 3.3 Fighting
 + Level 2.7 Long Blades
 * Level 4.2 Armour
 + Level 0.3 Dodging
 + Level 0.1 Stealth
 - Level 3.2 Shields
 * Level 1.1 Conjurations


You had 2 spell levels left.
You knew the following spells:

 Your Spells              Type           Power      Damage    Failure   Level
a - Magic Dart            Conj           4%         1d3       77%         1

Your spell library contained the following spells:

 Spells                   Type           Power      Damage    Failure   Level
 Searing Ray              Conj           2%         2d4       88%         2
 Sublimation of Blood     Necr           0%         N/A       96%         2
 Wereblood                Tmut           0%         N/A       96%         2
 Fulminant Prism          Conj/Hex       0%         3d5       100%        4
 Summon Hydra             Summ           0%         N/A       100%        7


Dungeon Overview and Level Annotations

Branches:
Dungeon (2/15)

Altars:

Annotations:
D:2 Sigmund


Innate Abilities, Weirdness & Mutations

You have a beak for a mouth.
You have claws for feet.
You can magically evade attacks while moving or waiting.


Message History

Sigmund hits you but does no damage.
You bump into the rock wall.
Sigmund is no longer blind.
Non-targeted confused throw: 3 darts (atropa)
Press: ? - help, Q - select action, (/) - cycle Dir - look around, f - activate You throw an atropa-tipped dart.
Sigmund hits you but does no damage.
Non-targeted confused throw: 2 darts (atropa)
Press: ? - help, Q - select action, (/) - cycle Dir - look around, f - activate Look: Sigmund, wielding a +2 scythe of pain and wearing a +2 robe of fire resistance (moderately wounded)
You throw an atropa-tipped dart.
You feel less confused.
Sigmund points at you and mumbles some strange words.
The puff of flame hits you.
Throw: dart (atropa)
Press: ? - help, Q - select action, (/) - cycle Shift-Dir - straight line, f/p - Sigmund
Aim: Sigmund, wielding a +2 scythe of pain and wearing a +2 robe of fire resistance (moderately wounded, 53% to hit, chance to blind on hit: 75%)
You throw an atropa-tipped dart. The atropa-tipped dart hits Sigmund.
Sigmund appears confused.
Sigmund is moderately wounded.
Sigmund seems less confused.
Sigmund hits you but does no damage.
You catch the helpless Sigmund completely off-guard!
You hit Sigmund but do no damage. You claw Sigmund.
Sigmund is heavily wounded.
Sigmund hits you with a +2 scythe of pain!
You hit Sigmund. You claw Sigmund, but do no damage. You peck Sigmund.
Sigmund is severely wounded.
You strike the helpless Sigmund from behind!
You hit Sigmund. Your kick misses Sigmund.
Sigmund is severely wounded.
Sigmund is no longer blind.
Sigmund hits you with a +2 scythe of pain.
You hit Sigmund. You peck Sigmund, but do no damage.
Sigmund is severely wounded.
Sigmund mumbles some strange words.
Sigmund flickers and vanishes!
Deactivating autopickup; reactivate with Ctrl-A.
You hear some strange, mumbled words.
You are confused.
You bump into the rock wall.
Something hits you!
You die...

#.. #.# #.# ###
... #.# #.. ...
..# #.# ##.##.##
#.# # ......
#(####.## #.#.####
#{#......# #......
#@#.##.##.#.#†####
#(#.##.# #.#.#.##
#.#.##.# #..###.#
#.#.##.###.#.#.###
#.#.##............
#.................
###.#####..#######
#....>..## #
######..# #


There were no monsters in sight!

Vanquished Creatures
  An adder (D:2)
  4 worms (D:2)
  5 bats
  2 endoplasms (D:1)
  A giant cockroach (D:1)
  6 goblins
  3 hobgoblins
  2 quokkas
  4 ball pythons
  4 frilled lizards
  2 kobolds (D:1)
  5 rats (D:1)
39 creatures vanquished.

Notes
Turn   | Place    | Note
-------+----------+-------------------------------------------
     0 | D:1      | wildpjah the Tengu Fighter began the quest for the Orb.
     0 | D:1      | Reached XP level 1. HP: 14/14 MP: 2/2
    99 | D:1      | Reached XP level 2. HP: 19/19 MP: 3/3
   326 | D:1      | Learned a level 1 spell: Magic Dart
   443 | D:1      | Reached XP level 3. HP: 22/23 MP: 4/4
   847 | D:2      | Reached skill level 1 in Conjurations
  1023 | D:2      | Reached skill level 4 in Armour
  1211 | D:2      | Reached XP level 4. HP: 28/28 MP: 2/5
  1285 | D:2      | Noticed Sigmund
  1303 | D:2      | Slain by Sigmund

Illustrated notes

Levels and vault maps discovered:
D:1:      dpeg_arrival_rooms_with_view, layout_basic, hangedman_decor_points,
          nicolae_figureground_pulse
D:2:      layout_loops_ring, amcnicky_mini_pool_small, uniq_sigmund

Skill      XL: |  1  2  3 |
---------------+----------+-----
Conjurations   | 1 |  1.1
Armour         | 4 |  4.2
Fighting       | |  3.3
Long Blades    | |  2.7
Dodging        | |  0.3
Stealth        | |  0.1
Shields        | |  3.2

Action                     |  1- 3 |  4- 6 || total
---------------------------+-------+-------++-------
  Melee: Long sword        |    78 |     9 ||    87
         Kick              |    15 |     3 ||    18
         Peck              |     7 |     5 ||    12
  Throw: Dart              |       |     5 ||     5
   Stab: Invisible         |       |     2 ||     2
 Armour: Scale mail        |    31 |    10 ||    41
  Dodge: Dodged            |    34 |     3 ||    37
  Block: Buckler           |    12 |     1 ||    13

Table legend: (Time is in decaauts)
 A = Elapsed time spent in this place.
 B = Non-inter-level travel time spent in this place.
 C = Inter-level travel time spent in this place.
 D = Time resting spent in this place.
 E = Time spent auto-exploring this place.
 F = Levels seen in this place.
 G = Mean time per level.
                   A        B        C        D        E       F      G
               +--------+--------+--------+--------+--------+-----+--------+
         Total |   1331 |   1316 |     15 |      9 |   1022 |   2 |  665.5 |
       Dungeon |   1331 |   1316 |     15 |      9 |   1022 |   2 |  665.5 |
               +--------+--------+--------+--------+--------+-----+--------+

Top non-repeatable levels by time:
     D:1: 729 daAuts
     D:2: 601 daAuts
